 Dungeon Crawl Stone Soup version 0.31-a0-833-gc15d34cb79 (webtiles) character file.

Game seed: 3141678638241389460

415 Kurtz the Chopper (level 6, -7/43 HPs)
             Began as an Octopode Fighter on Sept 25, 2023.
             Was an Initiate of Gozag.
             Shot with an arrow by a centaur (13 damage)
             ... on level 4 of the Dungeon.
             The game lasted 00:02:45 (3842 turns).

Kurtz the Chopper (Octopode Fighter)                Turns: 3842, Time: 00:02:46

Health: -7/43      AC:  1    Str: 15    XL:     6   Next: 91%
Magic:  6/6        EV: 13    Int: 11    God:    Gozag
Gold:   128        SH:  4    Dex: 13    Spells: 5/5 levels left

rFire   . . .        a - +0 war axe
rCold   . . .        b - +0 buckler
rNeg    . . .        t - +0 hat
rPois   .            (no amulet)
rElec   .            (no ring)
rCorr   .            (no ring)
SInv    .            (no ring)
Will    .....        (no ring)
Stlth   ++           (no ring)
HPRegen 0.27/turn    (no ring)
MPRegen 0.10/turn    (no ring)
                     (no ring)

%: no passive effects
@: gold aura
A: almost no armour, amphibious, 8 rings, camouflage 1, gelatinous body 1,
(nimble swimmer 1), tentacles, antennae 1
a: Renounce Religion, Potion Petition, Call Merchant, Bribe Branch


You were on level 4 of the Dungeon.
You worshipped Gozag.
Gozag was aware of your devotion.
You visited 1 branch of the dungeon, and saw 4 of its levels.

You collected 175 gold pieces.
You paid 47 gold pieces to Gozag.

Inventory:

Hand Weapons
 a - a +0 war axe (weapon)
Missiles
 p - a throwing net
Armour
 b - a +0 buckler (worn)
 t - a +0 hat (worn)
Wands
 m - a wand of flame (30)
 n - a wand of roots (10)
Scrolls
 d - 5 scrolls of vulnerability {unknown}
 f - 2 scrolls of blinking {unknown}
 g - 4 scrolls of identify {unknown}
 h - a scroll of acquirement {unknown}
 j - a scroll of amnesia {unknown}
 k - a scroll of fear {unknown}
 o - a scroll of immolation {unknown}
 r - a scroll of teleportation {unknown}
 u - a scroll of noise {unknown}
 v - a scroll of brand weapon {unknown}
Potions
 c - 2 potions of might
 e - a potion of mutation
 i - a potion of magic {unknown}
 l - 2 potions of lignification {unknown}
 q - 2 potions of heal wounds {unknown}
 s - a potion of curing {unknown}


   Skills:
 + Level 4.1 Fighting
 * Level 6.5 Axes
 - Level 3.0 Dodging
 - Level 3.0 Shields


You had 5 spell levels left.
You didn't know any spells.
Your spell library contained the following spells:

 Spells                   Type           Power      Damage    Failure   Level
 Shock                    Conj/Air       0%         1d3       43%         1
 Swiftness                Air            0%         N/A       80%         3
 Airstrike                Air            0%         2d(0-16)  99%         4


Dungeon Overview and Level Annotations

Branches:
Dungeon (4/15)
 Temple: D:4-7

Altars:
Gozag

Shops:
D:3 :

Annotations:
D:4 3 runed translucent doors


Innate Abilities, Weirdness & Mutations

You cannot wear most types of armour.
You are amphibious.
You can wear up to eight rings at the same time.
Your skin changes colour to match your surroundings (Stealth+).
Your rubbery body absorbs attacks. (AC +1, EV +1)
((You are camouflaged when in or above water. (Stealth+)))
You have tentacles for arms and can constrict up to eight enemies at once.
You have a pair of small antennae on your head.


Message History

An adder comes into view.
An adder is nearby!
You block the adder's attack.
You miss the adder. You grab the adder. You squeeze the adder.
The adder is moderately wounded.
You constrict the adder. The adder barely misses you.
The adder closely misses you.
You slash the adder!
You kill the adder!
No target in view!
You now have 128 gold pieces (gained 7).
An orc comes into view. It is wielding a +0 mace.
Found a scroll labelled YXTAOM VIUVOGE.
The orc shouts!
The ball python hisses angrily.
You hear a shout!
There are monsters nearby!
The ball python is distracted by your dazzling golden aura.
The ball python is no longer distracted by gold.
The ball python closely misses you. x2
You barely miss the ball python. You grab the ball python.
You squeeze the ball python.
You kill the ball python!
The orc misses you.
A centaur comes into view.
You see here 8 gold pieces.
You barely miss the orc. You grab the orc. You tentacle-slap the orc.
You squeeze the orc.
You kill the orc!
The centaur wields a +0 orcbow.
The centaur shoots an arrow.
You block the arrow.
The centaur shoots an arrow.
The arrow hits you!
The centaur shoots an arrow.
The arrow hits you!
The centaur shoots an arrow.
The arrow barely misses you.
The centaur shoots an arrow.
The arrow hits you!
* * * LOW HITPOINT WARNING * * *
You are too injured to fight recklessly!
It was a potion of mutation.
You feel extremely strange. A pair of antennae grows on your head!
The centaur shoots an arrow.
The arrow hits you!
You die...
Your body crumbles into a pile of gold.

.......# ###.....####
.....#.+ ##.)..# .......#
#..####..
.###..####..####........# #
...#.#..#...c##....## # .#
..........###.... ####.###
.....##.##.##...
..†#.#....#..##......# .. .
)<†.....#.#.###.@...## . ..
........##..##.......# ...
...###........$$.....# ?...
.#####...##..........# .....
## #.....##..........#...o..
# #......#.....##.....o....
# #.........#..).##........
#####......#.#....###.......
.#.........#........ ......#


You could see a centaur.

Vanquished Creatures
  2 howler monkeys (D:4)
  An orc priest (D:4)
  A hound (D:4)
  An iguana (D:4)
  2 orc wizards (D:4)
  4 gnolls (D:2)
  5 adders
  3 worms
  5 dart slugs
  11 orcs
  6 endoplasms
  4 giant cockroaches
  5 goblins
  6 hobgoblins
  2 jackals (D:2)
  6 kobolds
  8 quokkas
  4 ball pythons
  9 bats
  2 frilled lizards
  9 rats
96 creatures vanquished.

Notes
Turn   | Place    | Note
-------+----------+-------------------------------------------
     0 | D:1      | Kurtz the Octopode Fighter began the quest for the Orb.
     0 | D:1      | Reached XP level 1. HP: 16/16 MP: 1/1
   112 | D:1      | Reached XP level 2. HP: 21/21 MP: 2/2
   532 | D:1      | Reached XP level 3. HP: 26/26 MP: 3/3
   837 | D:1      | Reached skill level 3 in Axes
  1361 | D:2      | Reached XP level 4. HP: 32/32 MP: 4/4
  1894 | D:2      | Reached skill level 4 in Axes
  2286 | D:3      | Reached XP level 5. HP: 37/37 MP: 5/5
  2705 | D:3      | Found Dimmokhy's Book Boutique.
  3311 | D:4      | Found a runed translucent gate.
  3311 | D:4      | Found a runed translucent gate.
  3312 | D:4      | Found a runed translucent gate.
  3344 | D:4      | Found an opulent altar of Gozag.
  3362 | D:4      | Reached skill level 5 in Axes
  3519 | D:4      | Reached XP level 6. HP: 36/43 MP: 6/6
  3531 | D:4      | Reached skill level 6 in Axes
  3664 | D:4      | Became a worshipper of Gozag Ym Sagoz the Greedy
  3842 | D:4      | Gained mutation: You have a pair of small antennae on your
                  | head. [potion of mutation]
  3842 | D:4      | Shot with an arrow by a centaur

Illustrated notes

Levels and vault maps discovered:
D:1:      dpeg_arrival_prison, layout_basic, minmay_misc_feat_room
D:2:      layout_basic
D:3:      layout_basic, serial_shops, nicolae_lakefront_shop
D:4:      layout_cave_pools, mainiacjoe_overflow_concentric_impassable,
          makhleb_heckhound_becter, serial_shops, nicolae_shop_tiny_glass,
          biasface_ghost_orc_armoury, hangedman_abyss_or_decor_lesser_grid

Skill      XL: |  1  2  3  4  5  6 |
---------------+-------------------+-----
Axes           | 3 4 5 6 |  6.5
Fighting       | 4 |  4.1
Dodging        | |  3.0
Shields        | |  3.0

Action                     |  1- 3 |  4- 6 || total
---------------------------+-------+-------++-------
  Melee: War axe           |    54 |   130 ||   184
         Constrict         |    14 |    31 ||    45
         Punch             |     2 |     1 ||     3
         Tentacles         |     3 |    24 ||    27
  Evoke: Wand              |       |     3 ||     3
    Use: Potion            |       |     1 ||     1
   Stab: Sleeping          |     8 |     5 ||    13
 Armour: Skin              |    21 |    64 ||    85
  Dodge: Dodged            |    25 |    83 ||   108
  Block: Buckler           |    11 |    34 ||    45

Table legend: (Time is in decaauts)
 A = Elapsed time spent in this place.
 B = Non-inter-level travel time spent in this place.
 C = Inter-level travel time spent in this place.
 D = Time resting spent in this place.
 E = Time spent auto-exploring this place.
 F = Levels seen in this place.
 G = Mean time per level.
                   A        B        C        D        E       F      G
               +--------+--------+--------+--------+--------+-----+--------+
         Total |   3907 |   3732 |    175 |    796 |   2282 |   4 |  976.8 |
       Dungeon |   3907 |   3732 |    175 |    796 |   2282 |   4 |  976.8 |
               +--------+--------+--------+--------+--------+-----+--------+

Top non-repeatable levels by time:
     D:3: 1209 daAuts
     D:1: 1175 daAuts
     D:2: 1019 daAuts
     D:4: 503 daAuts
